Map: 贝克特工业-天梯版

Players

玩家2 - Winner!

  • Race: Zerg Zerg

CommandeR

  • Race: Protoss Protoss
  • League: Diamond

VOD

Have the link to the VOD?

Description

Time

  • Played on: March 6, 2022, 9:42 p.m.
  • Length: 5:39
Show
View Real Time Build Order
Export as new Build Order

玩家2 Zerg - Winner!

Build Orders: Pool Only 

Get SALT Encoding   

  12  0:01  Drone  
  13  0:12  Overlord  
  13  0:16  Drone  
  14  0:37  Spawning Pool  
  14  0:40  Drone, Extractor  
  13  0:47  Drone  
  14  0:53  Overlord  
  14  1:24  Queen  
  16  1:26  Zergling x2  
  16  1:31  Roach Warren  
  16  1:35  Drone  
  16  1:39  Extractor  
  16  1:43  Drone  
  17  1:51  Zergling x2  
  18  2:02  Drone  
  19  2:09  Drone  
  20  2:17  Zergling x2  
  20  2:19  Drone  
  22  2:30  Overlord  
  22  2:32  Drone  
  23  2:39  Drone  
  23  2:43  Roach  
  26  2:52  Drone  
Show
View Real Time Build Order
Export as new Build Order

CommandeR Protoss 

Build Orders: 1 Gate Expand 

Get SALT Encoding   

  12  0:00  Probe  
  13  0:12  Probe  
  14  0:20  Pylon  
  14  0:24  Probe  
  15  0:38  Probe (Chrono Boost), Gateway  
  16  0:48  Assimilator  
  16  0:49  Probe (Chrono Boost)  
  17  0:53  Probe (Chrono Boost)  
  18  1:04  Probe  
  19  1:16  Probe  
  20  1:25  Nexus  
  20  1:34  Cybernetics Core  
  20  1:37  Probe  
  21  1:43  Assimilator  
  21  1:49  Probe  
  21  1:52  Pylon  
  23  2:01  Probe  
  23  2:07  Adept (Chrono Boost)  
  23  2:14  Probe (Chrono Boost)  
  26  2:22  Stargate  
  26  2:24  Probe (Chrono Boost)  
  26  2:29  Probe (Chrono Boost)  
  27  2:31  Warp Gate  
  28  2:40  Stalker  
  28  2:41  Probe (Chrono Boost)  
  32  2:47  Probe (Chrono Boost)  
  32  2:51  Probe (Chrono Boost)  
  33  2:55  Probe (Chrono Boost)  
  33  2:56  Probe (Chrono Boost)  
  35  2:59  Void Ray (Chrono Boost)  
  35  3:05  Probe  
  35  3:08  Probe  
  41  3:13  Adept  
  43  3:31  Robotics Facility  
  43  3:42  Pylon  
  43  3:50  Twilight Council  
  43  4:00  Gateway  
  43  4:02  Gateway  
  43  4:04  Gateway  
  43  4:07  Gateway  
  43  4:09  Gateway  
  43  4:12  Gateway  
  43  4:15  Warp Prism (Chrono Boost)  
  43  4:19  Charge (Chrono Boost)  
  43  4:20  Zealot  
  47  4:30  Gateway  
  47  4:33  Pylon  
  47  4:36  Pylon  
  47  4:37  Pylon  
  47  4:39  Pylon  
  47  4:41  Zealot  
  49  5:04  Zealot x2  
  49  5:05  Zealot x3  
  49  5:06  Zealot x2  
  63  5:32  Zealot x4  
  63  5:33  Zealot x3  
  63  5:34  Zealot  
Tags
 
Add a new tag
Caveats
  • Supply blocks, unpowered buildings, or Contaminate may cause inaccurate times.
  • Supply counts are checked every 10 seconds.